[Event "1st Sergiy Shystarev Memorial 2020"]
[Site "Kyiv"]
[Date "2020.08.30"]
[Round "8.4"]
[White "Vysochin, Spartak"]
[Black "Sydoryka, Vladyslav"]
[Result "1-0"]
[ECO "C11"]
[WhiteElo "2501"]
[BlackElo "2355"]
[Annotator "ChessBase"]
[PlyCount "73"]
[EventDate "2020.08.25"]
[EventCountry "UKR"]
[SourceTitle "playchess.com"]
[Source "ChessBase"]
[SourceQuality "1"]
[TimeControl "5400+30"]

1. e4 c6 2. d4 d5 3. f3 e6 4. Nc3 Nf6 5. e5 Nfd7 6. f4 c5 7. Nf3 Nc6 8. Be3 Qb6 9. Na4 Qa5+ 10. c3 cxd4 11. b4 Qc7 12. Nxd4 Nxd4 13. Bxd4 Be7 14. Bd3 a6 15. O-O O-O 16. Qe2 g6 17. Qe3 Rb8 18. Nb2 b6 19. Nd1 f5 20. exf6 Nxf6 21. Nf2 Bd6 22. g3 a5 23. a3 Bd7 24. Rfe1 b5 25. Bf1 a4 26. Bg2 h5 27. Bf3 Rbe8 28. Nd3 Re7 29. Ne5 Be8 30. Ra2 Nd7 31. Nxd7 Bxd7 32. Rae2 Qd8 33. Qd3 Qe8 34. Bxd5 exd5 35. Rxe7 Bxe7 36. Rxe7 Bf5 37. Qe3 1-0

[Event "1st Sergiy Shystarev Memorial 2020"]
[Site "Kyiv"]
[Date "2020.08.30"]
[Round "8.5"]
[White "Dolzhykova, Kateryna"]
[Black "Solodovnichenko, Yuri"]
[Result "0-1"]
[ECO "B06"]
[WhiteElo "2153"]
[BlackElo "2553"]
[Annotator "ChessBase"]
[PlyCount "110"]
[EventDate "2020.08.25"]
[EventCountry "UKR"]
[SourceTitle "playchess.com"]
[Source "ChessBase"]
[SourceQuality "1"]
[TimeControl "5400+30"]

1. e4 g6 2. d4 d6 3. Nc3 Bg7 4. f4 a6 5. a4 Nc6 6. Be3 Nf6 7. Be2 e6 8. e5 Nd5 9. Nxd5 exd5 10. Bf3 Be6 11. Ne2 Qd7 12. c4 dxe5 13. fxe5 dxc4 14. d5 Nxe5 15. dxe6 Nd3+ 16. Kf1 Qxe6 17. Bd4 O-O-O 18. Bg1 Rhe8 19. Qc2 g5 20. g4 f5 21. h3 h5 22. gxh5 g4 23. Bg2 Nb4 24. Nf4 Nxc2 25. Nxe6 Rxe6 26. Rc1 Bxb2 27. Rxc2 c3 28. hxg4 fxg4 29. Bc5 Rd2 30. Rxd2 cxd2 31. Kf2 g3+ 32. Kxg3 Re1 33. Bh3+ Kb8 34. Bb4 d1=Q 35. Bxe1 Qd3+ 36. Kh2 Be5+ 37. Kg1 Bd4+ 38. Kh2 Qe2+ 39. Bg2 Be5+ 40. Bg3 Qxh5+ 41. Kg1 Qd1+ 42. Kh2 Bxg3+ 43. Kxg3 Qxa4 44. Kf2 Qd4+ 45. Ke2 b5 46. Rd1 Qe5+ 47. Kf2 Ka7 48. Bf3 Kb6 49. Re1 Qd4+ 50. Ke2 a5 51. Rd1 Qe5+ 52. Kd3 c5 53. Rh1 c4+ 54. Kd2 a4 55. Rh5 Qb2+ 0-1

[Event "1st Sergiy Shystarev Memorial 2020"]
[Site "Kyiv"]
[Date "2020.08.30"]
[Round "8.6"]
[White "Hryzlova, Sofiia"]
[Black "Malakhatko, Vadim"]
[Result "1/2-1/2"]
[ECO "A42"]
[WhiteElo "1940"]
[BlackElo "2488"]
[Annotator "ChessBase"]
[PlyCount "120"]
[EventDate "2020.08.25"]
[EventCountry "UKR"]
[SourceTitle "playchess.com"]
[Source "ChessBase"]
[SourceQuality "1"]
[TimeControl "5400+30"]

1. c4 g6 2. Nc3 Bg7 3. d4 d6 4. e4 e5 5. d5 f5 6. Bd3 Nf6 7. exf5 gxf5 8. Bg5 O-O 9. Qd2 Qe8 10. O-O-O Na6 11. Re1 Qg6 12. f3 Nc5 13. Bc2 a5 14. Nh3 a4 15. Nb5 Bd7 16. g4 e4 17. Nf4 Qf7 18. gxf5 Bxf5 19. Nd4 Bd7 20. fxe4 Rae8 21. Qg2 Kh8 22. Rhf1 a3 23. b4 Na6 24. Nd3 Qh5 25. Nf5 Ng4 26. h4 Bxf5 27. exf5 Rxe1+ 28. Rxe1 Ne5 29. Nf4 Qf7 30. Qe4 Bf6 31. c5 Rg8 32. Ne6 h6 33. b5 Nxc5 34. Bxf6+ Qxf6 35. Nxc5 Rg4 36. Qe2 Rc4 37. Nb3 Rxh4 38. Rg1 Kh7 39. b6 cxb6 40. Qb5 Rh2 41. Kb1 Nf7 42. Nc1 h5 43. Qxb6 h4 44. Qxb7 h3 45. Rg6 Qb2+ 46. Qxb2 axb2 47. Nd3 Rg2 48. Nf4 h2 49. Rxg2 h1=Q+ 50. Kxb2 Ne5 51. f6+ Kh8 52. Rg5 Qf3 53. Ng6+ Nxg6 54. Rxg6 Qf4 55. Kb3 Qd2 56. Kb2 Qb4+ 57. Kc1 Qe1+ 58. Kb2 Qe5+ 59. Kb1 Qf4 60. Kb2 Qb4+ 1/2-1/2